| TOP OF THE 1ST |
|
Kinston Eagles batting - Pitching for Rocky Mount Leafs : RHP Ricardo Posada
|
|
Pitching: RHP Ricardo Posada
|
|
|
Batting: SHB Ted Wilborn
|
0-0: Called Strike 0-1: Ball 1-1: Swinging Strike 1-2: Ball 2-2: Reached on error, E6 (Groundball, 6S, EV 74.4 MPH)
|
|
Batting: RHB Francisco Guerra
|
0-0: Called Strike 0-1: Swinging Strike 0-2: Foul Ball, location: 2F 0-2: Ball 1-2: Strikes out swinging
|
|
Batting: LHB Eric Peyton
|
0-0: Called Strike Ted Wilborn steals 3rd base 0-1: Ball 1-1: Ground out U3 (Groundball, 34, EV 86.9 MPH) Ted Wilborn scores
|
|
Batting: RHB Tony Incaviglia
|
0-0: Ball 1-0: Fly out, F8 (Line Drive, 8LD, EV 93.8 MPH)
|
| Top of the 1st over - 1 run, 0 hits, 1 error, 0 left on base; Kinston 1 - Rocky Mount 0 |
| BOTTOM OF THE 1ST |
|
Rocky Mount Leafs batting - Pitching for Kinston Eagles : RHP Brian Slagle
|
|
Pitching: RHP Brian Slagle
|
|
|
Batting: LHB Ronald Naclerio
|
0-0: Ball 1-0: Foul Ball, location: 2F 1-1: Called Strike 1-2: Ball 2-2: Foul Ball, location: 2F 2-2: Ball 3-2: Foul Ball, location: 2F 3-2: Foul Ball, location: 2F 3-2: Foul Ball, location: 2F 3-2: Foul Ball, location: 2F 3-2: Foul Ball, location: 2F 3-2: Foul Ball, location: 2F 3-2: Ground out U3 (Groundball, 3, EV 99.4 MPH)
|
|
Batting: RHB Ricardo Villasenor
|
0-0: Ball 1-0: DOUBLE (Groundball, 5L, EV 98.1 MPH)
|
|
Batting: RHB Kevin McGann
|
0-0: Ball 1-0: Ball 2-0: Ball 3-0: Called Strike 3-1: Called Strike 3-2: Fly out, F9 (Line Drive, 9, EV 95.6 MPH)
|
|
Batting: RHB Glen Bockhorn
|
0-0: Foul Ball, location: 2F 0-1: Ball 1-1: Ball 2-1: Ground out 6-3 (Groundball, 6MS, EV 64.4 MPH)
|
| Bottom of the 1st over - 0 runs, 1 hit, 0 errors, 1 left on base; Kinston 1 - Rocky Mount 0 |
| TOP OF THE 2ND |
|
Kinston Eagles batting - Pitching for Rocky Mount Leafs : RHP Ricardo Posada
|
|
Batting: RHB Elias Corona
|
0-0: Ball 1-0: DOUBLE (Groundball, 5L, EV 101.3 MPH)
|
|
Batting: RHB Alfredo Aceves
|
0-0: Fly out, F9 (Flyball, 9LS, EV 95.0 MPH)
|
|
Batting: RHB Juan Perez
|
0-0: Ball 1-0: Ball 2-0: Ground out 6-3 (Groundball, 6M, EV 91.9 MPH) Elias Corona to third
|
|
Batting: RHB Juan Orona
|
0-0: Called Strike 0-1: Ball 1-1: Ball 2-1: Ball 3-1: Swinging Strike 3-2: Foul Ball, location: 2F 3-2: Fly out, F9 (Line Drive, 9D, EV 108.1 MPH)
|
| Top of the 2nd over - 0 runs, 1 hit, 0 errors, 1 left on base; Kinston 1 - Rocky Mount 0 |
| BOTTOM OF THE 2ND |
|
Rocky Mount Leafs batting - Pitching for Kinston Eagles : RHP Brian Slagle
|
|
Batting: SHB Keith Spreckels
|
0-0: Called Strike 0-1: Ball 1-1: Ball 2-1: Foul Ball, location: 2F 2-2: Ball 3-2: Base on Balls
|
|
Batting: RHB Tom Lawless
|
0-0: Ball Keith Spreckels is caught stealing 2nd base 2-4 1-0: Fly out, F6 (Line Drive, 6, EV 68.8 MPH)
|
|
Batting: RHB Jim McArdle
|
0-0: Ball 1-0: Ball 2-0: Foul Ball, location: 2F 2-1: Swinging Strike 2-2: Strikes out looking
|
| Bottom of the 2nd over - 0 runs, 0 hits, 0 errors, 0 left on base; Kinston 1 - Rocky Mount 0 |
| TOP OF THE 3RD |
|
Kinston Eagles batting - Pitching for Rocky Mount Leafs : RHP Ricardo Posada
|
|
Batting: LHB Randall Curtis
|
0-0: Ground out U3 (Groundball, 34, EV 103.8 MPH)
|
|
Batting: SHB Ted Wilborn
|
0-0: Ball 1-0: Ball 2-0: Ball 3-0: Base on Balls
|
|
Batting: RHB Francisco Guerra
|
0-0: Ball 1-0: Foul Ball, location: 2F 1-1: Ball 2-1: SINGLE (Groundball, 25, EV 75.0 MPH) (infield hit) Ted Wilborn to second
|
|
Batting: LHB Eric Peyton
|
0-0: Ball 1-0: SINGLE (Groundball, 34D, EV 103.8 MPH) Ted Wilborn to third Francisco Guerra to second Runner from 3rd tries for Home, SAFE, throw by RF to home
|
|
Batting: RHB Tony Incaviglia
|
0-0: Called Strike 0-1: Swinging Strike 0-2: Foul Ball, location: 2F 0-2: Fly out, F8 (Flyball, 8RM, EV 90.0 MPH)
|
|
Batting: RHB Elias Corona
|
0-0: Swinging Strike 0-1: Fielders Choice at 2nd, 6-4 (Groundball, 6, EV 100.0 MPH)
|
| Top of the 3rd over - 1 run, 2 hits, 0 errors, 2 left on base; Kinston 2 - Rocky Mount 0 |
| BOTTOM OF THE 3RD |
|
Rocky Mount Leafs batting - Pitching for Kinston Eagles : RHP Brian Slagle
|
|
Batting: RHB Blane McDonald
|
0-0: Ball 1-0: Ball 2-0: Called Strike 2-1: Called Strike 2-2: Ball 3-2: Ground out 6-3 (Groundball, 6, EV 82.5 MPH)
|
|
Batting: RHB Todd Cruz
|
0-0: Called Strike 0-1: Ball 1-1: Ball 2-1: Ground out 6-3 (Groundball, 6, EV 89.4 MPH)
|
|
Batting: LHB Ronald Naclerio
|
0-0: Ball 1-0: Foul Ball, location: 2F 1-1: Ball 2-1: Foul Ball, location: 2F 2-2: Fly out, F6 (Flyball, 56D, EV 91.9 MPH)
|
| Bottom of the 3rd over - 0 runs, 0 hits, 0 errors, 0 left on base; Kinston 2 - Rocky Mount 0 |
| TOP OF THE 4TH |
|
Kinston Eagles batting - Pitching for Rocky Mount Leafs : RHP Ricardo Posada
|
|
Batting: RHB Alfredo Aceves
|
0-0: Ball 1-0: Foul Ball, location: 2F 1-1: Fly out, F5 (Line Drive, 5, EV 68.1 MPH)
|
|
Batting: RHB Juan Perez
|
0-0: Ball 1-0: Ball 2-0: Ball 3-0: Called Strike 3-1: Fly out, F7 (Line Drive, 7, EV 95.6 MPH)
|
|
Batting: RHB Juan Orona
|
0-0: Called Strike 0-1: Ball 1-1: Swinging Strike 1-2: Strikes out swinging, 2-3 out at first.
|
| Top of the 4th over - 0 runs, 0 hits, 0 errors, 0 left on base; Kinston 2 - Rocky Mount 0 |
| BOTTOM OF THE 4TH |
|
Rocky Mount Leafs batting - Pitching for Kinston Eagles : RHP Brian Slagle
|
|
Batting: RHB Ricardo Villasenor
|
0-0: Fly out, F8 (Line Drive, 8LM, EV 84.4 MPH)
|
|
Batting: RHB Kevin McGann
|
0-0: SINGLE (Line Drive, 8RS, EV 88.1 MPH)
|
|
Batting: RHB Glen Bockhorn
|
0-0: Fly out, F7 (Flyball, 7S, EV 88.1 MPH)
|
|
Batting: SHB Keith Spreckels
|
0-0: Called Strike 0-1: Ball 1-1: Ball 2-1: Ball 3-1: Base on Balls Kevin McGann to second
|
|
Batting: RHB Tom Lawless
|
0-0: Called Strike 0-1: Swinging Strike 0-2: Foul Ball, location: 2F 0-2: Foul Ball, location: 2F 0-2: Strikes out swinging
|
| Bottom of the 4th over - 0 runs, 1 hit, 0 errors, 2 left on base; Kinston 2 - Rocky Mount 0 |
| TOP OF THE 5TH |
|
Kinston Eagles batting - Pitching for Rocky Mount Leafs : RHP Ricardo Posada
|
|
Batting: LHB Randall Curtis
|
0-0: Ball 1-0: Foul Ball, location: 2F 1-1: Ball 2-1: Foul Ball, location: 2F 2-2: Foul Ball, location: 2F 2-2: Foul Ball, location: 2F 2-2: Fly out, F8 (Flyball, 89D, EV 80.0 MPH)
|
|
Batting: SHB Ted Wilborn
|
0-0: Called Strike 0-1: Fly out, F9 (Flyball, 9D, EV 106.3 MPH)
|
|
Batting: RHB Francisco Guerra
|
0-0: Ball 1-0: Fly out, F7 (Flyball, 7LS, EV 87.5 MPH)
|
| Top of the 5th over - 0 runs, 0 hits, 0 errors, 0 left on base; Kinston 2 - Rocky Mount 0 |
| BOTTOM OF THE 5TH |
|
Rocky Mount Leafs batting - Pitching for Kinston Eagles : RHP Brian Slagle
|
|
Batting: RHB Jim McArdle
|
0-0: Ball 1-0: Called Strike 1-1: Ball 2-1: Ball 3-1: Base on Balls
|
|
Batting: RHB Blane McDonald
|
0-0: Called Strike 0-1: Ball 1-1: Ball 2-1: Swinging Strike 2-2: Foul Ball, location: 2F 2-2: Fly out, F9 (Flyball, 9LM, EV 100.6 MPH)
|
|
Batting: RHB Todd Cruz
|
0-0: Called Strike 0-1: Foul Ball, location: 2F 0-2: Grounds into double play, 5-4-3 (Groundball, 56, EV 86.3 MPH)
|
| Bottom of the 5th over - 0 runs, 0 hits, 0 errors, 0 left on base; Kinston 2 - Rocky Mount 0 |
| TOP OF THE 6TH |
|
Kinston Eagles batting - Pitching for Rocky Mount Leafs : RHP Ricardo Posada
|
|
Batting: LHB Eric Peyton
|
0-0: Called Strike 0-1: Ball 1-1: Called Strike 1-2: Foul Ball, location: 2F 1-2: DOUBLE (Flyball, 8RXD, EV 106.3 MPH)
|
|
Batting: RHB Tony Incaviglia
|
0-0: Ball 1-0: Ball 2-0: Foul Ball, location: 2F 2-1: Foul Ball, location: 2F 2-2: Ball 3-2: Foul Ball, location: 2F 3-2: SINGLE (Line Drive, 9S, EV 113.1 MPH) Eric Peyton to third Runner from 3rd tries for Home, SAFE, throw by RF to home
|
|
Batting: RHB Elias Corona
|
0-0: Fly out, F8 (Flyball, 8RM, EV 86.9 MPH)
|
|
Batting: RHB Alfredo Aceves
|
0-0: Ball 1-0: Foul Ball, location: 2F 1-1: Foul Ball, location: 2F 1-2: Fly out, F4 (Popup, 4MD, EV 42.5 MPH)
|
|
Batting: RHB Juan Perez
|
0-0: Ball 1-0: Ball 2-0: Ball 3-0: Called Strike 3-1: Ground out 4-3 (Groundball, 4, EV 88.1 MPH)
|
| Top of the 6th over - 1 run, 2 hits, 0 errors, 1 left on base; Kinston 3 - Rocky Mount 0 |
| BOTTOM OF THE 6TH |
|
Rocky Mount Leafs batting - Pitching for Kinston Eagles : RHP Brian Slagle
|
|
Batting: LHB Ronald Naclerio
|
0-0: Ball 1-0: Foul Ball, location: 2F 1-1: Swinging Strike 1-2: Strikes out swinging
|
|
Batting: RHB Ricardo Villasenor
|
0-0: Fly out, F3 (Popup, 3F, EV 60.6 MPH)
|
|
Batting: RHB Kevin McGann
|
0-0: Ball 1-0: SINGLE (Line Drive, 34D, EV 100.0 MPH)
|
|
Batting: RHB Glen Bockhorn
|
0-0: Swinging Strike 0-1: Foul Ball, location: 2F 0-2: Ball 1-2: SINGLE (Groundball, 6D, EV 96.9 MPH) Kevin McGann to second Runner from 2nd tries for 3rd, SAFE after rundown.
|
|
Batting: SHB Keith Spreckels
|
0-0: Ball 1-0: Called Strike 1-1: Foul Ball, location: 2F 1-2: Ball 2-2: Foul Ball, location: 2F 2-2: Ball 3-2: SINGLE (Line Drive, 7S, EV 98.1 MPH) Kevin McGann scores Glen Bockhorn to second Glen Bockhorn to third
|
|
Batting: RHB Tom Lawless
|
0-0: Ball 1-0: Called Strike 1-1: Swinging Strike 1-2: Ball 2-2: Ball 3-2: Strikes out swinging, 2-3 out at first.
|
| Bottom of the 6th over - 1 run, 3 hits, 0 errors, 2 left on base; Kinston 3 - Rocky Mount 1 |
| TOP OF THE 7TH |
|
Kinston Eagles batting - Pitching for Rocky Mount Leafs : RHP Ricardo Posada
|
|
Batting: RHB Juan Orona
|
0-0: DOUBLE (Line Drive, 7LM, EV 103.1 MPH)
|
|
Batting: LHB Randall Curtis
|
0-0: Ball 1-0: Swinging Strike 1-1: Swinging Strike 1-2: Ball 2-2: Ball 3-2: Strikes out swinging
|
|
Batting: SHB Ted Wilborn
|
0-0: Ball Wild Pitch! Juan Orona to third 1-0: Called Strike 1-1: Called Strike 1-2: Strikes out looking
|
|
Batting: RHB Francisco Guerra
|
0-0: Ball 1-0: Ball 2-0: Ball 3-0: Called Strike 3-1: Foul Ball, location: 2F 3-2: Ground out 6-3 (Groundball, 6MD, EV 105.0 MPH)
|
| Top of the 7th over - 0 runs, 1 hit, 0 errors, 1 left on base; Kinston 3 - Rocky Mount 1 |
| BOTTOM OF THE 7TH |
|
Rocky Mount Leafs batting - Pitching for Kinston Eagles : RHP Brian Slagle
|
|
Batting: RHB Jim McArdle
|
0-0: Ground out 5-3 (Groundball, 5, EV 108.1 MPH)
|
|
Batting: RHB Blane McDonald
|
0-0: Ball 1-0: Foul Ball, location: 2F 1-1: Foul Ball, location: 2F 1-2: Ball 2-2: Ball 3-2: Base on Balls
|
|
Batting: RHB Todd Cruz
|
0-0: Ball 1-0: Ball 2-0: Ball 3-0: Base on Balls Blane McDonald to second
|
|
Batting: LHB Ronald Naclerio
|
0-0: Swinging Strike 0-1: Ball 1-1: Fly out, F6 (Popup, 6MD, EV 53.1 MPH)
|
|
Batting: RHB Ricardo Villasenor
|
0-0: Called Strike 0-1: Called Strike 0-2: Ground out 5-3 (Groundball, 56S, EV 87.5 MPH)
|
| Bottom of the 7th over - 0 runs, 0 hits, 0 errors, 2 left on base; Kinston 3 - Rocky Mount 1 |
| TOP OF THE 8TH |
|
Kinston Eagles batting - Pitching for Rocky Mount Leafs : RHP Ricardo Posada
|
|
Batting: LHB Eric Peyton
|
0-0: Ball 1-0: TRIPLE (Flyball, 78XD, EV 107.5 MPH)
|
|
Batting: RHB Tony Incaviglia
|
0-0: Ball 1-0: Called Strike 1-1: Swinging Strike 1-2: Foul Ball, location: 2F 1-2: Foul Ball, location: 2F 1-2: Foul Ball, location: 2F 1-2: Foul Ball, location: 2F 1-2: Strikes out swinging
|
|
Batting: RHB Elias Corona
|
0-0: Called Strike 0-1: Fly out, F9 (Flyball, 9LS, EV 92.5 MPH) Runner from 3rd tags up, OUT at HOME! 9-2
|
| Top of the 8th over - 0 runs, 1 hit, 0 errors, 0 left on base; Kinston 3 - Rocky Mount 1 |
| BOTTOM OF THE 8TH |
|
Rocky Mount Leafs batting - Pitching for Kinston Eagles : RHP Brian Slagle
|
|
Batting: RHB Kevin McGann
|
0-0: Ground out 6-3 (Groundball, 6, EV 76.3 MPH)
|
|
Batting: RHB Glen Bockhorn
|
0-0: Ground out 5-3 (Groundball, 56S, EV 75.6 MPH)
|
|
Batting: SHB Keith Spreckels
|
0-0: Called Strike 0-1: Ball 1-1: Foul Ball, location: 2F 1-2: Ball 2-2: Ground out 6-3 (Groundball, 56, EV 89.4 MPH)
|
| Bottom of the 8th over - 0 runs, 0 hits, 0 errors, 0 left on base; Kinston 3 - Rocky Mount 1 |
| TOP OF THE 9TH |
|
Kinston Eagles batting - Pitching for Rocky Mount Leafs : RHP Ricardo Posada
|
|
Batting: RHB Alfredo Aceves
|
0-0: Ball 1-0: Called Strike 1-1: Fly out, F7 (Flyball, 7LM, EV 90.6 MPH)
|
|
Batting: RHB Juan Perez
|
0-0: Ground out U3 (Groundball, 3, EV 83.8 MPH)
|
|
Batting: RHB Juan Orona
|
0-0: SINGLE (Groundball, 34D, EV 95.6 MPH)
|
|
Batting: LHB Randall Curtis
|
0-0: Ball 1-0: Called Strike 1-1: Ball 2-1: Fly out, F8 (Flyball, 8RS, EV 88.1 MPH)
|
| Top of the 9th over - 0 runs, 1 hit, 0 errors, 1 left on base; Kinston 3 - Rocky Mount 1 |
| BOTTOM OF THE 9TH |
|
Rocky Mount Leafs batting - Pitching for Kinston Eagles : RHP Brian Slagle
|
|
Pitching: RHP Marvin Adams
|
|
|
Now at 1B: Guadalupe Garcia
|
|
|
Now in RF: Gregory Burtt
|
|
|
Batting: RHB Tom Lawless
|
0-0: Called Strike 0-1: Called Strike 0-2: Foul Ball, location: 2F 0-2: Ball 1-2: Foul Ball, location: 2F 1-2: Ball 2-2: Ground out 4-3 (Groundball, 4, EV 83.8 MPH)
|
|
Batting: RHB Jim McArdle
|
0-0: Ball 1-0: Ball 2-0: SOLO HOME RUN (Flyball, 8RXD, EV 94.4 MPH), Distance : 420 ft
|
|
Batting: RHB Blane McDonald
|
0-0: SINGLE (Groundball, 6MD, EV 103.8 MPH) (infield hit)
|
|
Pinch Hitting: RHB James Camacho
|
0-0: Ball 1-0: Ball 2-0: Called Strike 2-1: Ball 3-1: Base on Balls Blane McDonald to second
|
|
Batting: LHB Ronald Naclerio
|
0-0: Ground out U3 (Groundball, 3S, EV 66.9 MPH) Blane McDonald to third James Camacho to second
|
|
Batting: RHB Ricardo Villasenor
|
0-0: Fly out, F8 (Flyball, 8LM, EV 82.5 MPH)
|
| Bottom of the 9th over - 1 run, 2 hits, 0 errors, 2 left on base; Kinston 3 - Rocky Mount 2 |
|